[Event "Titled Tuesday Blitz October 11 Late 2022"]
[White "Kouskoutis, Georgios-Alexandros"]
[Black "Pinheiro, Iung Alicio de O."]
[WhiteFideId "4234049"]
[BlackFideId "2104350"]
[WhiteElo "2187"]
[BlackElo "2283"]
[Result "0-1"]
[Round "09"]
[TimeControl "180+1"]
[Date "2022.10.11"]
[WhiteClock "0:00:02"]
[BlackClock "0:00:13"]

1. c4 e5 2. g3 Bc5 3. Bg2 d6 4. Nc3 a6 5. e3 Nc6 6. Nge2 Ba7 7. d4 h5 8. h4 Bg4 9. d5 Nce7 10. Qd3 c6 11. f3 Bf5 12. e4 Bc8 13. Be3 Bxe3 14. Qxe3 Nf6 15. O-O cxd5 16. cxd5 O-O 17. Kh2 b5 18. b4 Bd7 19. Bh3 Bxh3 20. Kxh3 Nc8 21. a4 bxa4 22. Nxa4 Nd7 23. Kg2 Ncb6 24. Nxb6 Nxb6 25. Rfc1 Qb8 26. Rc6 Nd7 27. Qc3 f5 28. exf5 Nf6 29. Raxa6 Rxa6 30. Rxa6 e4 31. Nf4 exf3+ 32. Kxf3 Qb5 33. Qd3 Qxb4 34. Ra7 Rc8 35. Kg2 Qb2+ 36. Kh3 Rc2 37. Ra8+ Kh7 38. g4 Rh2+ 39. Kg3 Qf2# 0-1


[Site "https://www.chess.com"]

[Event "Titled Tuesday Blitz October 11 Late 2022"]
[White "Krstic, Milos"]
[Black "Nozdrachev, Leonid"]
[WhiteFideId "954888"]
[BlackFideId "24113433"]
[WhiteElo "2194"]
[BlackElo "2249"]
[Result "0-1"]
[Round "09"]
[TimeControl "180+1"]
[Date "2022.10.12"]
[WhiteClock "0:01:34"]
[BlackClock "0:01:25"]

1. e4 d6 2. d4 Nf6 3. Nc3 e5 4. dxe5 dxe5 5. Qxd8+ Kxd8 6. Bc4 Bb4 7. f3 Ke7 8. Ne2 Be6 9. Bxe6 Kxe6 10. Be3 Nc6 11. O-O-O Rhd8 12. a3 Bxc3 13. Nxc3 Nd4 14. Rhe1 c6 15. Ne2 Nxe2+ 16. Rxe2 Rxd1+ 17. Kxd1 Rd8+ 18. Rd2 Rxd2+ 19. Kxd2 a6 20. Kd3 b5 21. c4 Ne8 22. cxb5 cxb5 23. Kc3 Nd6 24. b3 Kd7 25. Kb4 Kc6 26. Ka5 Kb7 27. Bc5 Ne8 28. g4 g6 29. h4 Nc7 30. Bd6 Ne6 31. Bxe5 Nd8 32. Kb4 Nc6+ 33. Kc5 Nxe5 34. f4 Nxg4 35. Kd6 Nf2 36. f5 Nxe4+ 0-1


[Site "https://www.chess.com"]

[Event "Titled Tuesday Blitz October 11 Late 2022"]
[White "Leschinsky, Gary"]
[Black "Izuzquiza Gonzalez, Javier"]
[WhiteFideId "30951321"]
[BlackFideId "3101029"]
[WhiteElo "1855"]
[BlackElo "2034"]
[Result "0-1"]
[Round "09"]
[TimeControl "180+1"]
[Date "2022.10.12"]
[WhiteClock "0:00:20"]
[BlackClock "0:00:17"]

1. d4 Nf6 2. c4 g6 3. Nc3 d5 4. cxd5 Nxd5 5. e4 Nxc3 6. bxc3 Bg7 7. Nf3 c5 8. Be2 O-O 9. O-O Nc6 10. Be3 Qa5 11. d5 Ne5 12. Nxe5 Bxe5 13. c4 Bxa1 14. Qxa1 f6 15. f4 Bd7 16. h4 Qa3 17. Rf3 Bg4 18. Kf2 Bxf3 19. Bxf3 b5 20. h5 bxc4 21. hxg6 hxg6 22. Qh1 Kg7 23. Qh3 Qxa2+ 24. Be2 c3 25. f5 Rh8 26. Qg3 Rag8 27. Qxg6+ Kf8 28. Bh6+ Rxh6 29. Qxh6+ Kf7 30. Qh7+ Rg7 31. Qh5+ Kf8 32. Qh8+ Rg8 33. Qh6+ Ke8 34. Qh5+ Kd7 35. Qf7 Rxg2+ 36. Kxg2 Qxe2+ 37. Kg3 Qe3+ 38. Kh2 Qf4+ 39. Kh3 Qxe4 40. d6 Qxf5+ 41. Kg3 Qe5+ 42. Kh3 Qxd6 0-1


[Site "https://www.chess.com"]

[Event "Titled Tuesday Blitz October 11 Late 2022"]
[White "Machidon, Cristi"]
[Black "Sztokbant, Bernardo Vainzoff"]
[WhiteFideId "13904590"]
[BlackFideId "2115956"]
[WhiteElo "2312"]
[BlackElo "2171"]
[Result "1-0"]
[Round "09"]
[TimeControl "180+1"]
[Date "2022.10.12"]
[WhiteClock "0:00:46"]
[BlackClock "0:00:01"]

1. d4 Nf6 2. c4 g6 3. Nc3 d5 4. Nf3 Bg7 5. Bf4 O-O 6. e3 c5 7. dxc5 Qa5 8. Rc1 Ne4 9. Be5 Bxe5 10. Nxe5 Nxc3 11. Rxc3 Qxc5 12. cxd5 Qa5 13. Nc4 Qd8 14. Be2 Nd7 15. O-O Nf6 16. Bf3 Bf5 17. Qd4 Bd7 18. e4 Bb5 19. e5 Nd7 20. Rd1 Rc8 21. b3 b6 22. h4 Qc7 23. Rdc1 Qb8 24. Bg4 Rcd8 25. f4 Nc5 26. h5 Qb7 27. Ne3 Qa6 28. a4 Be2 29. Kf2 Bxg4 30. Nxg4 e6 31. Nf6+ Kh8 32. d6 Qb7 33. Rh1 g5 34. fxg5 Rg8 35. Qf4 Rg7 36. b4 Nxa4 37. Rf3 Nb2 38. h6 Rg6 39. Ne4 Rd7 40. Rc1 Qa6 41. Rc7 Nd3+ 42. Rxd3 Qxd3 43. Rc8+ Rg8 44. Qf6# 1-0


[Site "https://www.chess.com"]

[Event "Titled Tuesday Blitz October 11 Late 2022"]
[White "Maksimovic, Bojan"]
[Black "Iliaguev, Nisim"]
[WhiteFideId "14408120"]
[BlackFideId "2817276"]
[WhiteElo "2447"]
[BlackElo "2264"]
[Result "1-0"]
[Round "09"]
[TimeControl "180+1"]
[Date "2022.10.11"]
[WhiteClock "0:00:02"]
[BlackClock "0:00:01"]

1. e4 c6 2. Nf3 d5 3. d3 dxe4 4. dxe4 Qxd1+ 5. Kxd1 Bg4 6. Be2 Bxf3 7. Bxf3 Nd7 8. Be2 e5 9. f3 O-O-O 10. c3 f6 11. Kc2 a5 12. Nd2 Bc5 13. a4 Kc7 14. Nc4 b6 15. Rb1 Ne7 16. b4 axb4 17. cxb4 Bd4 18. Bd2 Nf8 19. b5 Ne6 20. a5 cxb5 21. Rxb5 bxa5 22. Rhb1 Kd7 23. Rb7+ Ke8 24. Bxa5 Rc8 25. Bb4 Bc5 26. Bxc5 Rxc5 27. Rb8+ Nd8 28. Kd2 Nc6 29. Ra8 Kf7 30. Nd6+ Kg6 31. Nb7 Nxb7 32. Rxh8 Nba5 33. Rb5 Nd4 34. Rxc5 Nab3+ 35. Ke3 Nxc5 36. Bc4 Na4 37. Bd5 Nc3 38. Kf2 Nd1+ 39. Kf1 Ne3+ 40. Kg1 Nd1 41. h4 Ne2+ 42. Kf1 Nd4 43. Bb7 Ne3+ 44. Kf2 Nd1+ 45. Kf1 Ne3+ 46. Kg1 Nd1 47. Bc8 Ne2+ 48. Kh2 Ne3 49. Bf5+ Nxf5 50. exf5+ Kxf5 51. Rxh7 Kg6 52. Rh8 Nf4 53. g4 Nd3 54. Kg3 Nf4 55. Ra8 Ne2+ 56. Kf2 Nf4 57. h5+ Kh6 58. Rh8+ Kg5 59. Rh7 Ne6 60. Ke3 Kh4 61. Rh8 Kg3 62. Re8 Ng5 63. Re7 Nxf3 64. Rxg7 Nd4 65. h6 f5 66. gxf5+ 1-0


[Site "https://www.chess.com"]

[Event "Titled Tuesday Blitz October 11 Late 2022"]
[White "Mamedov, Rauf"]
[Black "Nakamura, Hikaru"]
[WhiteFideId "13401653"]
[BlackFideId "2016192"]
[WhiteElo "2650"]
[BlackElo "2909"]
[Result "1-0"]
[Round "09"]
[TimeControl "180+1"]
[Date "2022.10.11"]
[WhiteClock "0:00:20"]
[BlackClock "0:00:04"]

1. e4 g6 2. d4 Bg7 3. Nc3 a6 4. f4 c6 5. Nf3 d5 6. Bd3 dxe4 7. Nxe4 Bxd4 8. Qe2 Bg7 9. Bd2 Nf6 10. Bc3 O-O 11. O-O-O Nd5 12. Bxg7 Kxg7 13. Bc4 Qc7 14. g3 Bg4 15. h3 Bxf3 16. Qxf3 Nd7 17. Bxd5 cxd5 18. Rxd5 Rac8 19. Qb3 b5 20. Rhd1 Nb6 21. Rc5 Qb8 22. Qc3+ Kg8 23. b3 Qb7 24. Qe3 Rcd8 25. Rxd8 Rxd8 26. h4 Nd7 27. Rc3 Rc8 28. Rxc8+ Qxc8 29. Qd4 h5 30. a4 Qc6 31. axb5 axb5 32. Kb2 Nf8 33. Qe5 Qd7 34. Nc5 Qa7 35. Nd3 Qb7 36. Nc5 Qa7 37. b4 Nh7 38. Ne4 Qb7 39. Nc3 Nf6 40. Qxb5 Qf3 41. Qc5 Qxg3 42. b5 Qxf4 43. b6 Nd7 44. Qc8+ Kg7 45. Qxd7 Qb4+ 46. Kc1 Qxc3 47. b7 Qe1+ 48. Kb2 Qb4+ 49. Ka2 Qc4+ 50. Ka3 Qc3+ 51. Ka4 Qxc2+ 52. Ka5 Qc5+ 53. Ka6 Qa3+ 54. Kb6 Qe3+ 55. Kc7 Qe4 56. b8=Q Qf4+ 57. Kc8 Qxh4 58. Qb2+ Kg8 59. Qe8+ 1-0


[Site "https://www.chess.com"]

[Event "Titled Tuesday Blitz October 11 Late 2022"]
[White "Meduri, Aakaash"]
[Black "Yano, William Jorge Froes"]
[WhiteFideId "2032252"]
[BlackFideId "2112949"]
[WhiteElo "2113"]
[BlackElo "2122"]
[Result "0-1"]
[Round "09"]
[TimeControl "180+1"]
[Date "2022.10.12"]
[WhiteClock "0:01:13"]
[BlackClock "0:01:06"]

1. e4 e6 2. d4 d5 3. e5 c5 4. c3 Nc6 5. Nf3 Nh6 6. Bxh6 gxh6 7. Qb3 Bg7 8. Nbd2 O-O 9. Be2 Rb8 10. O-O Bd7 11. Rfd1 f6 12. exf6 Qxf6 13. dxc5 Be8 14. Nf1 Kh8 15. Ng3 Bg6 16. Rf1 a6 17. Rae1 h5 18. Bd1 h4 19. Ne2 Be4 20. Ned4 Qg6 21. h3 Nxd4 22. Nxd4 Qxg2# 0-1


[Site "https://www.chess.com"]

[Event "Titled Tuesday Blitz October 11 Late 2022"]
[White "Melikhov, Evgeny V."]
[Black "De Souza, Cristiano Gomes"]
[WhiteFideId "4122046"]
[BlackFideId "2151758"]
[WhiteElo "2169"]
[BlackElo "2068"]
[Result "1-0"]
[Round "09"]
[TimeControl "180+1"]
[Date "2022.10.12"]
[WhiteClock "0:00:30"]
[BlackClock "0:00:09"]

1. d4 Nf6 2. c4 g6 3. Nc3 Bg7 4. e4 d6 5. f3 O-O 6. Be3 Nc6 7. Nge2 a6 8. Qd2 Rb8 9. Bh6 b5 10. h4 bxc4 11. Bxg7 Kxg7 12. h5 e5 13. d5 Nb4 14. Ng3 Nd3+ 15. Bxd3 cxd3 16. O-O-O Bd7 17. hxg6 fxg6 18. Qh6+ Kf7 19. Rxd3 Rb6 20. Nf1 Qe7 21. Ne3 Rfb8 22. Rd2 Kg8 23. g4 Qg7 24. Qh4 a5 25. Rg2 a4 26. a3 Rb3 27. Rhh2 Be8 28. Nf5 Qf8 29. Qg5 Nd7 30. Ne7+ Kg7 31. Qh6+ Kf6 32. Nc6 Qxh6+ 33. Rxh6 R8b6 34. Rxh7 Nc5 35. g5# 1-0


[Site "https://www.chess.com"]

[Event "Titled Tuesday Blitz October 11 Late 2022"]
[White "Melkumyan, Hrant"]
[Black "Lazavik, Denis"]
[WhiteFideId "13302485"]
[BlackFideId "13515110"]
[WhiteElo "2604"]
[BlackElo "2437"]
[Result "0-1"]
[Round "09"]
[TimeControl "180+1"]
[Date "2022.10.11"]
[WhiteClock "0:00:01"]
[BlackClock "0:00:08"]

1. Nf3 d5 2. d4 Nf6 3. c4 e6 4. Nc3 Be7 5. Bf4 O-O 6. e3 Nbd7 7. Be2 dxc4 8. O-O a6 9. a4 c5 10. d5 exd5 11. Nxd5 Nxd5 12. Qxd5 Nf6 13. Qe5 Be6 14. Ng5 Bd7 15. Bxc4 h6 16. Nf3 Re8 17. Rfd1 Qc8 18. Qc3 Be6 19. Ne5 Bf8 20. h3 Bxc4 21. Nxc4 Qe6 22. Nd6 Re7 23. Qc4 Qxc4 24. Nxc4 Re6 25. b3 Be7 26. g4 Kf8 27. Kg2 Rd8 28. Rxd8+ Bxd8 29. Nd6 b6 30. Rd1 Bc7 31. Nf5 Bxf4 32. exf4 Re8 33. Rd6 Rb8 34. Rc6 h5 35. g5 Nd5 36. Kf3 g6 37. Nd6 Ne7 38. Rc7 Rd8 39. Nc4 Rd3+ 40. Kg2 Rxb3 41. Ne5 Rb4 42. Nd7+ Kg7 43. Nf6 Ng8 44. Nxg8 Kxg8 45. f5 gxf5 46. a5 b5 47. Rc6 Ra4 48. Rxa6 b4 49. Kg3 b3 50. Rb6 c4 51. a6 Rxa6 52. Rxa6 b2 53. Rb6 c3 54. h4 c2 55. Rxb2 c1=Q 56. Rb3 Qg1+ 57. Kh3 Qh1+ 58. Kg3 f4+ 59. Kxf4 Qxh4+ 60. Kf5 Qxf2+ 61. Ke5 Kg7 62. Rd3 h4 0-1


[Site "https://www.chess.com"]

[Event "Titled Tuesday Blitz October 11 Late 2022"]
[White "Mickiewicz, Piotr"]
[Black "Winterberg, Lukas"]
[WhiteFideId "1114891"]
[BlackFideId "24622702"]
[WhiteElo "2246"]
[BlackElo "2349"]
[Result "1-0"]
[Round "09"]
[TimeControl "180+1"]
[Date "2022.10.12"]
[WhiteClock "0:00:27"]
[BlackClock "0:00:09"]

1. Nf3 Nf6 2. g3 e6 3. Bg2 d5 4. O-O Be7 5. d3 O-O 6. Nbd2 Nc6 7. c3 a5 8. a4 Re8 9. Qc2 e5 10. e4 d4 11. Nc4 Bf8 12. Re1 h6 13. cxd4 exd4 14. e5 Nd5 15. Nfd2 Ndb4 16. Qb3 Bf5 17. Be4 Be6 18. Qd1 Qd7 19. f4 Bf5 20. Nf3 Rad8 21. Qb3 Bxe4 22. Rxe4 Qd5 23. Bd2 Bc5 24. Rae1 Ne7 25. R1e2 Nf5 26. Nxa5 Qxb3 27. Nxb3 Nxd3 28. g4 Nxf4 29. Bxf4 d3+ 30. Nxc5 dxe2 31. Rxe2 Nd4 32. Nxd4 Rxd4 33. Bg3 Rxg4 34. e6 fxe6 35. b3 b6 36. Rxe6 Rxe6 37. Nxe6 c5 38. a5 bxa5 39. Nxc5 Rb4 40. Kf1 Rb5 41. Bf2 g5 42. Ke2 h5 43. Kd3 Kh7 44. Kc4 Rb4+ 45. Kd5 Kg6 46. Be1 Rb5 47. Kc4 Rb8 48. Bxa5 g4 49. Bc7 Rc8 50. Bd6 h4 51. b4 Kg5 52. b5 Kf5 53. Kd5 Rd8 54. Ne4 g3 55. Nxg3+ hxg3 56. hxg3 Kg4 57. b6 Rd7 58. Kc6 Rd8 59. b7 Re8 60. b8=Q Rxb8 61. Bxb8 Kf5 62. Kd5 Kg6 63. Ke4 Kf7 64. Kf3 Kg8 65. g4 Kf7 66. Kf4 Kg8 67. Kf5 Kf7 68. g5 Kg8 69. Kg6 Kf8 70. Kh7 1-0


[Site "https://www.chess.com"]

[Event "Titled Tuesday Blitz October 11 Late 2022"]
[White "O`Gorman, Tom"]
[Black "Tanenbaum, Zachary"]
[WhiteFideId "2508249"]
[BlackFideId "2060850"]
[WhiteElo "2271"]
[BlackElo "2175"]
[Result "1/2-1/2"]
[Round "09"]
[TimeControl "180+1"]
[Date "2022.10.11"]
[WhiteClock "0:00:14"]
[BlackClock "0:00:07"]

1. e4 e5 2. Nf3 Nc6 3. Bb5 a6 4. Ba4 d6 5. O-O Nf6 6. Re1 Be7 7. c3 O-O 8. h3 b5 9. Bc2 Nb8 10. d4 Nbd7 11. Nbd2 Bb7 12. Nf1 Re8 13. Ng3 Bf8 14. a4 g6 15. Bd3 c6 16. b3 Bg7 17. Bb2 Qe7 18. Qc2 Rac8 19. axb5 cxb5 20. Qe2 d5 21. Nxe5 Nxe5 22. dxe5 Nxe4 23. Nxe4 dxe4 24. Bxe4 Bxe4 25. Qxe4 Bxe5 26. Kf1 Qf6 27. Re3 Re6 28. Qb7 Rb8 29. Qd5 Rd8 30. Qf3 Qxf3 31. Rxf3 Rd2 32. Ba3 a5 33. Bc5 Rd5 34. b4 a4 35. g3 Rf6 36. Re3 Re6 37. Ra2 Kg7 38. Ke2 Bf6 39. Rxe6 fxe6 40. Rc2 h5 41. Ke3 Kf7 42. Bd4 Be7 43. Ke4 Rd7 44. c4 bxc4 45. Rxc4 Rb7 46. b5 a3 47. b6 Bd8 48. Ra4 Bxb6 49. Rb4 a2 50. Ba1 Ke7 51. Ra4 Ra7 52. Rxa7+ Bxa7 53. f4 Kd6 54. g4 hxg4 55. hxg4 Ke7 56. f5 gxf5+ 57. gxf5 exf5+ 58. Kxf5 Kd6 59. Ke4 Kc5 60. Kd3 Kb4 61. Kc2 Ka3 62. Bb2+ Ka4 63. Ba1 Ka3 64. Bb2+ Kb4 65. Ba1 Kc4 66. Bb2 Bd4 67. Bxd4 Kxd4 68. Kb2 Kc4 69. Kxa2 1/2-1/2


[Site "https://www.chess.com"]

[Event "Titled Tuesday Blitz October 11 Late 2022"]
[White "Osmonbekov, Talaibek"]
[Black "Sanchez, Robert"]
[WhiteFideId "2017253"]
[BlackFideId "2034360"]
[WhiteElo "2135"]
[BlackElo "2399"]
[Result "1-0"]
[Round "09"]
[TimeControl "180+1"]
[Date "2022.10.12"]
[WhiteClock "0:01:45"]
[BlackClock "0:00:29"]

1. d4 d5 2. Bf4 e6 3. Nc3 Nf6 4. e3 Bb4 5. Bd3 c5 6. dxc5 Nc6 7. Nf3 Bxc5 8. O-O O-O 9. e4 d4 10. Ne2 Re8 11. e5 Nd5 12. Bg3 g6 13. a3 Nde7 14. Bh4 a5 15. Bf6 Qb6 16. Qd2 Nd5 17. Qh6 Nxf6 18. exf6 Bf8 19. Qh4 e5 20. Ng5 h6 21. Bxg6 Be6 22. Be4 Rad8 23. Nxe6 Rxe6 24. Qg4+ Kh8 25. Qf5 1-0


[Site "https://www.chess.com"]

[Event "Titled Tuesday Blitz October 11 Late 2022"]
[White "Owen, Michael"]
[Black "Vujcic, Milena"]
[WhiteFideId "7104820"]
[BlackFideId "954748"]
[WhiteElo "1943"]
[BlackElo "1931"]
[Result "0-1"]
[Round "09"]
[TimeControl "180+1"]
[Date "2022.10.12"]
[WhiteClock "0:00:06"]
[BlackClock "0:00:28"]

1. e4 e5 2. Nf3 Nc6 3. Bb5 a6 4. Ba4 Nf6 5. O-O Nxe4 6. d4 exd4 7. Re1 d5 8. Nxd4 Bd6 9. f3 Qh4 10. h3 Qf2+ 11. Kh1 Qg3 12. Kg1 Bxh3 13. Rxe4+ dxe4 14. Qe2 O-O 15. c3 Rfe8 16. fxe4 Qh2+ 17. Kf1 Qh1+ 18. Kf2 Qxg2+ 19. Ke1 Rxe4 20. Be3 Qg3+ 21. Kd2 Rxe3 22. Qxe3 Bf4 23. Qxf4 Qxf4+ 24. Kd3 Nxd4 25. cxd4 Rd8 26. Nc3 Qxd4+ 27. Kc2 Bf5+ 28. Kb3 b5 29. Bxb5 axb5 30. Rd1 Qc4+ 31. Ka3 Ra8+ 0-1


[Site "https://www.chess.com"]

[Event "Titled Tuesday Blitz October 11 Late 2022"]
[White "Poliakova, Varvara"]
[Black "Prydun, Andriy"]
[WhiteFideId "13518313"]
[BlackFideId "14145898"]
[WhiteElo "1938"]
[BlackElo "2163"]
[Result "1-0"]
[Round "09"]
[TimeControl "180+1"]
[Date "2022.10.12"]
[WhiteClock "0:00:27"]
[BlackClock "0:00:06"]

1. e4 c6 2. d4 d5 3. Nd2 Nd7 4. c3 dxe4 5. Nxe4 Ngf6 6. Nxf6+ Nxf6 7. Nf3 Bg4 8. Be2 e6 9. h3 Bh5 10. O-O Be7 11. Ne5 Bxe2 12. Qxe2 O-O 13. Bf4 Nd7 14. Nd3 Qa5 15. a3 Rac8 16. Rad1 Rfe8 17. Ne5 Nxe5 18. Bxe5 Bf8 19. Rd3 c5 20. dxc5 Rxc5 21. Bg3 Qb5 22. Rfd1 e5 23. Qe4 f5 24. Qxf5 e4 25. Rd5 e3 26. fxe3 Rxd5 27. Qxd5+ Qxd5 28. Rxd5 Rxe3 29. Kf2 Re7 30. c4 g6 31. Bd6 Rf7+ 32. Ke2 Bxd6 33. Rxd6 Kg7 34. b4 h5 35. c5 g5 36. Kd3 h4 37. Kc4 Rf2 38. Rd7+ Kf6 39. Rxb7 Rxg2 40. c6 Rg1 41. c7 Rc1+ 42. Kd4 g4 43. hxg4 h3 44. g5+ Kxg5 45. Rb5+ Kg4 46. Rc5 Rxc5 47. Kxc5 h2 48. c8=Q+ 1-0


[Site "https://www.chess.com"]

[Event "Titled Tuesday Blitz October 11 Late 2022"]
[White "Poltorak, Sebastian"]
[Black "Pham, Le Thao Nguyen"]
[WhiteFideId "1199498"]
[BlackFideId "12401226"]
[WhiteElo "2232"]
[BlackElo "2282"]
[Result "1-0"]
[Round "09"]
[TimeControl "180+1"]
[Date "2022.10.12"]
[WhiteClock "0:01:13"]
[BlackClock "0:00:40"]

1. d4 g6 2. c4 Bg7 3. Nc3 Nf6 4. e4 O-O 5. f3 d6 6. Nge2 Nbd7 7. Be3 a6 8. Qd2 Re8 9. h4 h5 10. O-O-O b5 11. g4 bxc4 12. Ng3 c5 13. dxc5 hxg4 14. h5 Ne5 15. hxg6 Nxg6 16. Bxc4 Ne5 17. Bh6 Nxf3 18. Qe3 Bh8 19. e5 Nh7 20. Qf4 Nxe5 21. Nf5 Bxf5 22. Qxf5 Qc8 23. Bxf7+ 1-0


[Site "https://www.chess.com"]

[Event "Titled Tuesday Blitz October 11 Late 2022"]
[White "Potula, Kapish"]
[Black "Kostiukov, Alexandr"]
[WhiteFideId "30903270"]
[BlackFideId "14108100"]
[WhiteElo "1997"]
[BlackElo "2202"]
[Result "0-1"]
[Round "09"]
[TimeControl "180+1"]
[Date "2022.10.12"]
[WhiteClock "0:00:01"]
[BlackClock "0:00:28"]

1. d4 g6 2. e4 Bg7 3. Nc3 c5 4. Nf3 cxd4 5. Nxd4 Nc6 6. Nxc6 bxc6 7. Be3 Nf6 8. Bc4 O-O 9. O-O Nxe4 10. Nxe4 d5 11. Bc5 dxe4 12. c3 Qc7 13. Qe2 Bf5 14. g4 Bc8 15. Qxe4 Re8 16. Rad1 e5 17. Rfe1 Kh8 18. Bd6 Qd7 19. Bxe5 Qxg4+ 20. Qxg4 Bxg4 21. Bxg7+ Kxg7 22. Rxe8 Rxe8 23. Rd6 Bf3 24. h3 h5 25. Rd7 Re1+ 26. Kh2 Be4 27. Rxf7+ Kh6 28. Rxa7 h4 29. f3 Bxf3 30. Bf1 Rxf1 0-1


[Site "https://www.chess.com"]

[Event "Titled Tuesday Blitz October 11 Late 2022"]
[White "Preotu, Razvan"]
[Black "Gubajdullin, Alexei"]
[WhiteFideId "2613280"]
[BlackFideId "4141202"]
[WhiteElo "2407"]
[BlackElo "2200"]
[Result "1-0"]
[Round "09"]
[TimeControl "180+1"]
[Date "2022.10.11"]
[WhiteClock "0:00:12"]
[BlackClock "0:00:06"]

1. e4 g6 2. d4 Bg7 3. Nc3 d6 4. Be3 c6 5. Qd2 b5 6. Bd3 Nd7 7. Nf3 Nb6 8. a4 b4 9. Ne2 a5 10. h4 h6 11. Ng3 Nf6 12. e5 Nfd5 13. h5 Nxe3 14. Qxe3 Nd5 15. Qe4 g5 16. O-O e6 17. Rfe1 Kf8 18. Rac1 c5 19. c4 bxc3 20. bxc3 Rb8 21. exd6 Qxd6 22. Nf5 Qc7 23. Nxg7 Kxg7 24. dxc5 Bb7 25. Qd4+ Kg8 26. Ne5 Nf4 27. Be4 Rd8 28. Qc4 Bxe4 29. Rxe4 Rd5 30. Ng4 Kg7 31. Ne3 Rxc5 32. Qd4+ e5 33. Qd2 Rd8 34. Qc2 Qc6 35. Nf5+ Kh7 36. Rxf4 Kh8 37. Rf3 e4 38. Nd4 Rxd4 39. Rxf7 Rd3 40. Qb2 Qe8 41. c4+ Re5 42. Rb7 Kg8 43. Rb8 Rd8 44. Rxd8 Qxd8 45. Qxe5 e3 46. Qd5+ Qxd5 47. cxd5 exf2+ 48. Kxf2 Kf7 49. Re1 Kf6 50. d6 g4 51. d7 g3+ 52. Kxg3 Kg5 53. d8=Q+ Kxh5 54. Qd5+ Kg6 55. Re6+ Kf7 56. Qd7+ Kf8 57. Re8# 1-0


[Site "https://www.chess.com"]

[Event "Titled Tuesday Blitz October 11 Late 2022"]
[White "Prieto Aranguren, Alain"]
[Black "Carbone, Diego"]
[WhiteFideId "2268906"]
[BlackFideId "3002179"]
[WhiteElo "2209"]
[BlackElo "2243"]
[Result "1/2-1/2"]
[Round "09"]
[TimeControl "180+1"]
[Date "2022.10.12"]
[WhiteClock "0:00:10"]
[BlackClock "0:00:14"]

1. e4 e5 2. Nf3 Nc6 3. c3 Nf6 4. d4 Nxe4 5. d5 Bc5 6. Be3 Bxe3 7. fxe3 Ne7 8. Nxe5 d6 9. Qa4+ c6 10. Qxe4 dxe5 11. Qxe5 Qxd5 12. Qxg7 Rg8 13. Qd4 Be6 14. Qxd5 Nxd5 15. e4 Ne3 16. Na3 Nxg2+ 17. Kf2 O-O-O 18. Nc4 Nf4 19. Re1 Nd3+ 20. Bxd3 Rxd3 21. Ne5 Rd2+ 22. Re2 Rxe2+ 23. Kxe2 Rg2+ 24. Kf3 Rxb2 25. h4 Rxa2 26. h5 Rc2 27. Kf4 Rxc3 28. h6 Kd8 29. Nf3 f6 30. Rg1 Rd3 31. Nh4 Ke8 32. Nf5 Bxf5 33. Kxf5 Rf3+ 34. Ke6 Kf8 35. Rg7 Rf4 36. Rxh7 Rxe4+ 37. Kxf6 Rf4+ 38. Ke6 Kg8 39. Rxb7 Rh4 40. Rxa7 Rxh6+ 41. Ke5 Kf8 42. Kd4 Ke8 43. Kc5 Kd8 44. Rg7 Kc8 45. Rf7 Re6 46. Rg7 Rf6 47. Rh7 Re6 48. Rg7 Kd8 49. Rh7 Rg6 50. Rf7 Ke8 51. Rh7 Kd8 52. Rf7 Kc8 53. Rh7 Re6 54. Rf7 Kb8 55. Rh7 Rg6 56. Rf7 Rh6 57. Rg7 Re6 58. Rh7 Rf6 59. Rg7 Rh6 60. Rf7 Kc8 61. Rg7 Kd8 62. Rf7 Re6 63. Rg7 Kc8 64. Rh7 Kd8 65. Rg7 Re7 66. Rxe7 Kxe7 67. Kxc6 1/2-1/2


[Site "https://www.chess.com"]

[Event "Titled Tuesday Blitz October 11 Late 2022"]
[White "Quesada Perez, Yuniesky"]
[Black "Kamsky, Gata"]
[WhiteFideId "3504409"]
[BlackFideId "2000024"]
[WhiteElo "2599"]
[BlackElo "2666"]
[Result "1/2-1/2"]
[Round "09"]
[TimeControl "180+1"]
[Date "2022.10.11"]
[WhiteClock "0:00:35"]
[BlackClock "0:00:17"]

1. e4 c5 2. Nf3 e6 3. d4 cxd4 4. Nxd4 a6 5. Be2 b5 6. a4 b4 7. Be3 Bb7 8. Nd2 Nf6 9. O-O Nxe4 10. Bf3 d5 11. Bxe4 dxe4 12. Qh5 Qd5 13. Qh3 Nd7 14. c4 Qe5 15. Rae1 Bc5 16. N2b3 O-O 17. f4 exf3 18. Nxc5 Nxc5 19. Nxf3 Bxf3 20. Qxf3 Nxa4 21. Qg4 h5 22. Qh4 Rad8 23. Kh1 Nxb2 24. Bg5 Qd4 25. Bxd8 Rxd8 26. Qxh5 Rd7 27. h3 Nd3 28. Rxe6 fxe6 29. Qe8+ Kh7 30. Qh5+ Kg8 31. Qe8+ Kh7 32. Qh5+ Kg8 1/2-1/2


[Site "https://www.chess.com"]

[Event "Titled Tuesday Blitz October 11 Late 2022"]
[White "Reshetnikov, Alexey"]
[Black "Rasulov, Vugar"]
[WhiteFideId "4162080"]
[BlackFideId "13402390"]
[WhiteElo "2502"]
[BlackElo "2509"]
[Result "0-1"]
[Round "09"]
[TimeControl "180+1"]
[Date "2022.10.11"]
[WhiteClock "0:00:36"]
[BlackClock "0:01:25"]

1. e4 e5 2. Nf3 Nc6 3. Bc4 Nf6 4. d3 Be7 5. c3 O-O 6. O-O d6 7. Bb3 Kh8 8. Nbd2 Ng8 9. d4 f5 10. dxe5 fxe4 11. exd6 Bxd6 12. Nxe4 Bg4 13. Nxd6 cxd6 14. Qd5 Bxf3 15. gxf3 Nge7 16. Qh5 Rf5 17. Qh3 Qe8 18. Kh1 Rh5 19. Qe6 Ne5 20. Bf4 Qc6 21. Bd1 Nxf3 0-1


[Site "https://www.chess.com"]

[Event "Titled Tuesday Blitz October 11 Late 2022"]
[White "Rodriguez Santiago, Jaime"]
[Black "Reprintsev, Alexander"]
[WhiteFideId "3100898"]
[BlackFideId "14100541"]
[WhiteElo "2025"]
[BlackElo "2230"]
[Result "1-0"]
[Round "09"]
[TimeControl "180+1"]
[Date "2022.10.12"]
[WhiteClock "0:00:44"]
[BlackClock "0:00:02"]

1. c4 e5 2. Nc3 Nc6 3. g3 Bc5 4. Bg2 Nf6 5. Nf3 d5 6. Nxe5 Nxe5 7. d4 dxc4 8. dxc5 Qxd1+ 9. Nxd1 O-O 10. Bf4 Nfd7 11. c6 bxc6 12. Rc1 Rb8 13. O-O f6 14. Bd2 Nb6 15. f4 Nf7 16. Bxc6 Rd8 17. Be3 Bb7 18. Bxb7 Rxb7 19. Nc3 Nd6 20. Rfd1 Re8 21. Bf2 Ne4 22. Nxe4 Rxe4 23. Rc2 Na4 24. Bd4 c5 25. Bc3 Nxc3 26. bxc3 Kf7 27. Kf2 Ke7 28. Rd5 Rb5 29. Rcd2 Kf7 30. Kf3 Re7 31. e4 Ra5 32. g4 Ra3 33. Rc2 Rc7 34. e5 fxe5 35. fxe5 Ra6 36. Ke4 Rg6 37. Rf2+ Ke7 38. h3 h5 39. Kf5 Rh6 40. g5 Ra6 41. g6 Rcc6 42. Rg2 Ra3 43. Kg5 Rxc3 44. h4 Rf3 45. Kxh5 c3 46. Kg4 Re3 47. h5 c4 48. Kf4 Rh3 49. e6 Rxe6 50. Rc5 Rf6+ 51. Kg4 Rd3 52. Rxc4 Rfd6 53. Rc7+ Kf6 54. Rf2+ Ke5 55. Rxg7 R6d4+ 56. Kg5 Rg3+ 57. Kh6 Rh3 58. Rc7 Rdh4 59. Rc5+ Kd6 60. Rff5 1-0


[Site "https://www.chess.com"]

[Event "Titled Tuesday Blitz October 11 Late 2022"]
[White "Rose, Felix"]
[Black "Joubert, Dantelle"]
[WhiteFideId "5105722"]
[BlackFideId "14310813"]
[WhiteElo "2039"]
[BlackElo "1507"]
[Result "1-0"]
[Round "09"]
[TimeControl "180+1"]
[Date "2022.10.12"]
[WhiteClock "0:00:05"]
[BlackClock "0:00:01"]

1. d4 d5 2. Nc3 e6 3. Bf4 c5 4. e4 cxd4 5. Qxd4 Nc6 6. Bb5 Bd7 7. Bxc6 bxc6 8. exd5 cxd5 9. Nf3 Qb6 10. O-O-O Nf6 11. Qxb6 axb6 12. Rhe1 Bb4 13. Be5 O-O 14. a3 Be7 15. Nd4 Rfc8 16. h3 Bxa3 17. bxa3 Rxc3 18. Nxe6 Rcxa3 19. Nc7 Rc8 20. Nxd5 Nxd5 21. Rxd5 Be6 22. Rb5 Rc6 23. Rd1 h6 24. Rd6 Rxd6 25. Bxd6 Ra6 26. Bc7 Ra1+ 27. Kb2 Rg1 28. g3 Rf1 29. Bxb6 Bd7 30. Rb4 Bc6 31. h4 g5 32. hxg5 hxg5 33. Be3 g4 34. Rxg4+ Kf8 35. Bc5+ Ke8 36. Rd4 Rxf2 37. Rd6 Rf3 38. Rxc6 Rxg3 39. c3 Rg5 40. Bd4 Kd7 41. Rf6 Ke7 42. Rf2 Rb5+ 43. Kc2 Ra5 44. Kd3 Ke6 45. Rf6+ Ke7 46. Rf2 Ra4 47. c4 Ra3+ 48. Bc3 f5 49. Rxf5 Ke6 50. Re5+ Kd6 51. Re3 Kc5 52. Re5+ Kc6 53. Rd5 1-0


[Site "https://www.chess.com"]